 Dungeon Crawl Stone Soup version 0.29.0-13-gc9e81de378 (webtiles) character file.

Game seed: 985316030370471090

7550 RascalDebosk the Cleaver (level 10, -13/93 HPs)
             Began as a Minotaur Berserker on Sept 10, 2022.
             Was an Elder of Trog.
             Mangled by Erolcha
             ... wielding a +0 giant spiked club
              (21 damage)
             ... on level 10 of the Dungeon.
             The game lasted 00:45:42 (9924 turns).

RascalDebosk the Cleaver (Minotaur Berserker)       Turns: 9924, Time: 00:45:42

Health: -13/93     AC: 15    Str: 27    XL:     10   Next: 96%
Magic:  9/9        EV:  9    Int:  6    God:    Trog [****..]
Gold:   238        SH:  5    Dex: 10    Spells: 9/9 levels left

rFire   . . .      SeeInvis .   h - +5 battleaxe
rCold   + . .      Faith    .   (shield currently unavailable)
rNeg    . . .      Spirit   .   A - +0 chain mail
rPois   +          Reflect  +   (helmet restricted)
rElec   .          Harm     .   p - +0 cloak
rCorr   .          Rampage  .   v - +1 pair of gloves
Will    .....                   (no boots)
Stlth   ..........              c - amulet of Coame {Reflect rPois Str+3 SH+5}
HPRegen 0.25/turn               x - ring of protection from cold
MPRegen 0.11/turn               (no ring)

@: on berserk cooldown, slowed, very slow
A: horns 2, retaliatory headbutt
a: Renounce Religion, Berserk, Trog's Hand, Brothers in Arms


You were on level 10 of the Dungeon.
You worshipped Trog.
Trog was greatly pleased with you.
You visited 2 branches of the dungeon, and saw 12 of its levels.

You collected 420 gold pieces.
You spent 182 gold pieces at shops.

Inventory:

Hand Weapons
 h - a +5 battleaxe (weapon)
 B - a +1 spear
Missiles
 a - a throwing net
 j - 2 atropa-tipped darts
 l - 3 boomerangs (quivered)
 u - 16 poisoned darts
Armour
 p - a +0 cloak (worn)
 v - a +1 pair of gloves (worn)
 A - a +0 chain mail (worn)
Jewellery
 c - the amulet of Coame (around neck) {Reflect rPois Str+3 SH+5}
   (You acquired it on level 4 of the Dungeon)

   [amulet of reflection]

   It reflects blocked missile attacks.
   Str:       It affects your strength (+3).
   rPois:     It protects you from poison.
   SH:        It affects your SH (+5).
 x - a ring of protection from cold (left hand)
Wands
 b - a wand of quicksilver (4)
 r - a wand of mindburst (17)
Scrolls
 e - 2 scrolls of blinking
 q - 5 scrolls of teleportation
 s - a scroll of identify
 t - a scroll of magic mapping
Potions
 f - a potion of flight
 g - a potion of cancellation
 i - 5 potions of curing
 k - 2 potions of berserk rage
 m - 2 potions of ambrosia
 n - a potion of might
 o - a potion of invisibility
 z - 2 potions of haste
Miscellaneous
 d - a piece from Xom's chessboard (15/15)


   Skills:
 + Level 9.8 Fighting
 + Level 9.8 Axes
 + Level 7.5 Throwing
 + Level 9.4 Armour
 - Level 2.1 Dodging
 + Level 6.8 Evocations


You had 9 spell levels left.
You didn't know any spells.
Your spell library was empty.

Dungeon Overview and Level Annotations

Branches:
Dungeon (11/15)            Temple (1/1) D:4
   Lair: D:8-11         Orc: D:9-12

Altars:
Ashenzari
Cheibriados
Dithmenos
Elyvilon
Fedhas
Gozag
Hepliaklqana
Makhleb
Okawaru
Qazlal
Ru
Sif Muna
Trog
Uskayaw
Vehumet
Wu Jian
Xom
Yredelemnul
Zin
The Shining One

Shops:
D:1 !   D:7 (

Annotations:
D:10 Erolcha


Innate Abilities, Weirdness & Mutations

You have a pair of horns on your head.
You reflexively headbutt those who attack you in melee.


Message History

The wraith is severely damaged.
You barely miss the wraith.
You feel sick.
Erolcha screams, "DIE!"
The wraith hits you. The wraith drains your vigour!
You feel as though you will be slow longer.
The wraith hits you but does no damage.
You slice the wraith!!
You destroy the wraith!
Trog accepts your kill.
You closely miss the wraith.
You are no longer berserk.
You are exhausted.
You feel as though you will be slow longer.
You feel sick.
You are no longer poisoned.
Erolcha screams, "Lunch!"
The wraith hits you! The wraith hits you.
* * * LOW HITPOINT WARNING * * *
You closely miss the wraith.
The wraith is severely damaged.
The wraith hits you.
* * * LOW HITPOINT WARNING * * *
You hit the wraith but do no damage.
The wraith is severely damaged.
The wraith hits you!
* * * LOW HITPOINT WARNING * * *
The wraith drains your vigour!
You feel as though you will be slow longer.
Erolcha tries to grin evilly.
Erolcha gestures wildly while chanting.
Erolcha flickers and vanishes!
Deactivating autopickup; reactivate with Ctrl-A.
The wraith hits you.
* * * LOW HITPOINT WARNING * * *
You hit the wraith.
The wraith is almost destroyed.
The wraith hits you.
* * * LOW HITPOINT WARNING * * *
Something hits you!!
You die...

#......#
#......#
#......#
###......#
#........####
##...........
........).#
......W@..#
..........#
..........+
..........#
..........#
...........
########+#.#
..


You could see a wraith.

Vanquished Creatures
  Josephine (D:10)
  The ghost of videwesjr the Cleaver, a novice MiFi of Gozag (D:8)
  A two-headed ogre (D:9)
  Pikel (D:9)
  2 trolls
  2 hornets (D:7)
  Prince Ribbit (D:7)
  A vampire (D:9)
  4 wraiths (D:10)
  A wyvern (D:7)
  A steam dragon (D:8)
  An acid dragon (D:8)
  A water moccasin (D:6)
  2 orc warriors (D:9)
  2 sky beasts (D:8)
  A black bear (D:8)
  3 centaurs
  2 kobold brigands (D:8)
  A phantom (D:4)
  A lemure (D:9)
  A bullfrog (D:8)
  4 scorpions
  A necrophage (D:5)
  14 wights
  3 howler monkeys
  5 hounds
  3 jellies
  4 orc priests
  A gnoll bouda (D:6)
  An iguana (D:4)
  8 orc wizards
  11 gnolls
  9 adders
  2 shadow imps
  2 white imps (D:5)
  An ufetubus (D:4)
  2 worms (D:2)
  A dart slug (D:5)
  21 orcs
  6 bats
  2 endoplasms (D:2)
  2 giant cockroaches (D:1)
  4 goblins
  12 hobgoblins
  3 jackals (D:3)
  4 quokkas
  4 ball pythons
  4 frilled lizards
  8 kobolds
  4 rats
  2 butterflies (D:4)
179 creatures vanquished.

Notes
Turn   | Place    | Note
-------+----------+-------------------------------------------
     0 | D:1      | RascalDebosk the Minotaur Berserker began the quest for the
                  | Orb.
     0 | D:1      | Reached XP level 1. HP: 19/19 MP: 0/0
   120 | D:1      | Reached XP level 2. HP: 27/27 MP: 1/1
   423 | D:1      | Found a faded altar of an unknown god.
   434 | D:1      | Found Cafe's Distillery.
   441 | D:1      | Bought a potion of degeneration for 14 gold pieces
  1054 | D:2      | Reached XP level 3. HP: 26/33 MP: 2/2
  1177 | D:2      | Reached ** piety under Trog
  1178 | D:2      | Reached skill level 1 in Throwing
  1336 | D:2      | Reached skill level 1 in Evocations
  1597 | D:2      | Found a hazy altar of Hepliaklqana.
  1820 | D:3      | Found the +5 glaive of the Guard {elec, spectral, AC+5}
  2800 | D:4      | Reached XP level 4. HP: 38/40 MP: 3/3
  2845 | D:4      | Identified a scroll of acquirement
  2845 | D:4      | Acquired the amulet of Coame {Reflect rPois Str+3 SH+5}
  2924 | D:4      | Found a shimmering altar of Xom.
  3032 | D:4      | Reached XP level 5. HP: 47/47 MP: 4/4
  3040 | D:4      | Found a glowing silver altar of Zin.
  3231 | D:4      | Noticed a phantom
  3237 | D:4      | Killed a phantom
  3479 | D:4      | Found a staircase to the Ecumenical Temple.
  3488 | Temple   | Entered the Ecumenical Temple
  3671 | D:4      | Reached XP level 6. HP: 49/55 MP: 5/5
  3688 | D:4      | Reached skill level 5 in Fighting
  3688 | D:4      | Reached skill level 5 in Axes
  3881 | D:4      | Found an ornate altar of the Wu Jian Council.
  4478 | D:1      | Bought a potion of brilliance for 56 gold pieces
  4478 | D:1      | Bought a potion of invisibility for 112 gold pieces
  4590 | D:5      | Entered Level 5 of the Dungeon
  4616 | D:5      | Reached XP level 7. HP: 49/61 MP: 6/6
  4903 | D:5      | Found a white marble altar of Elyvilon.
  5426 | D:5      | Reached *** piety under Trog
  5427 | D:5      | Reached skill level 5 in Armour
  5664 | D:6      | Noticed a troll
  5672 | D:6      | Killed a troll
  5823 | D:6      | Reached XP level 8. HP: 70/70 MP: 7/7
  6158 | D:6      | Found an opulent altar of Gozag.
  6293 | D:6      | Found a basalt altar of Yredelemnul.
  6496 | D:7      | Found a shimmering blue altar of Sif Muna.
  6500 | D:7      | Noticed a hornet
  6511 | D:7      | Killed a hornet
  6946 | D:7      | Noticed Prince Ribbit
  6965 | D:7      | Killed Prince Ribbit
  6966 | D:7      | Reached skill level 5 in Throwing
  7028 | D:7      | Reached XP level 9. HP: 78/79 MP: 8/8
  7357 | D:7      | Reached skill level 5 in Evocations
  7363 | D:7      | Found Ivitzicedd's Antique Weapon Shop.
  7969 | D:8      | Reached **** piety under Trog
  8418 | D:8      | Reached XP level 10. HP: 89/90 MP: 9/9
  8906 | D:8      | Found a runed translucent door.
  8907 | D:8      | Noticed videwesjr's ghost (novice MiFi)
  8928 | D:8      | Killed videwesjr's ghost
  9237 | D:8      | Found a snail-covered altar of Cheibriados.
  9257 | D:8      | Found a hide-covered altar of Uskayaw.
  9639 | D:9      | Noticed a two-headed ogre
  9644 | D:9      | Killed a two-headed ogre
  9837 | D:9      | Noticed Pikel
  9846 | D:9      | Killed Pikel
  9904 | D:9      | You fall into a shaft and drop 2 floors!
  9911 | D:10     | Entered Level 10 of the Dungeon
  9911 | D:10     | Noticed Josephine
  9919 | D:10     | Killed Josephine
  9919 | D:10     | Noticed Erolcha
  9924 | D:10     | Mangled by Erolcha

Illustrated notes

Levels and vault maps discovered:
D:1:      zelgadis_glass_arrival_small, layout_basic,
          ebering_ecumenical_altar_rust, serial_shops, nicolae_shop_hallway_plus
D:2:      minmay_razor_zed, layout_rooms, basic_altar
D:3:      layout_basic, due_unseen_surprise
D:4:      layout_cave_pods, nzn_wu_jian_council_hall, zin_academy,
          xom_butterflies, temple_doors_e
D:5:      layout_cave_pods, elyvilon_altar_4
D:6:      layout_cave_pools, grunt_gozag_breadcrumbs,
          mainiacjoe_overflow_chevrons
D:7:      layout_loops_cross, nicolae_sif_muna_condensation, serial_shops,
          nicolae_shop_crystal, minmay_misc_feat_rugged, uniq_prince_ribbit1
D:8:      layout_loops_corners, mainiacjoe_overflow_swirl, gammafunk_ghost_grave
D:9:      layout_cave_pods, centaur_isle, uniq_pikel
D:10:     layout_irregular_city, mainiacjoe_overflow_concentric_impassable,
          overflow_temple_1_default, uniq_sonja, uniq_josephine, uniq_erolcha
D:11:     layout_cave_pools, lair_entry_dummy
Temple:   nicolae_temple_bog_church

Skill      XL: |  1  2  3  4  5  6  7  8  9 10 |
---------------+-------------------------------+-----
Fighting       | 4 5 6 7 8 9 |  9.8
Throwing       | 1 2 3 5 6 7 |  7.5
Axes           | 4 5 6 7 8 9 |  9.8
Armour         | 3 4 5 6 8 9 |  9.4
Evocations     | 1 2 3 4 5 6 |  6.8
Dodging        | |  2.1

Action                   |  1- 3 |  4- 6 |  7- 9 | 10-12 || total
-------------------------+-------+-------+-------+-------++-------
Melee: Hand axe          |    89 |   100 |       |       ||   189
       Headbutt          |     9 |     8 |    34 |    15 ||    66
       Punch             |     1 |       |     1 |       ||     2
       War axe           |       |       |   171 |       ||   171
       Battleaxe         |       |       |    15 |    63 ||    78
Throw: Dart              |       |     1 |     6 |       ||     7
       Throwing net      |       |       |     1 |       ||     1
       Boomerang         |       |       |     1 |    31 ||    32
Invok: Berserk           |       |     2 |     7 |     4 ||    13
       Trog's Hand       |       |       |     1 |     1 ||     2
Evoke: Wand              |       |       |       |     1 ||     1
  Use: Scroll            |       |    18 |     5 |     1 ||    24
       Potion            |       |       |       |     1 ||     1
Armor: Animal skin       |     6 |       |       |       ||     6
       Leather armour    |     5 |       |       |       ||     5
       Ring mail         |    16 |    37 |    30 |       ||    83
       Chain mail        |       |       |    53 |    32 ||    85
Dodge: Dodged            |    61 |    55 |    89 |    16 ||   221
Block: Other             |       |    18 |    40 |    10 ||    68
       Reflection        |       |       |     4 |       ||     4
